 Dungeon Crawl Stone Soup version 0.22.1-6-g1668fe2 (webtiles) character file.

443 Fang the Chopper (level 7, 0/44 HPs)
             Began as a Gargoyle Berserker on Feb 1, 2019.
             Was a Priest of Trog.
             Slain by a slave (3 damage)
             ... led by Pikel
             ... on level 4 of the Dungeon.
             The game lasted 00:07:31 (3626 turns).

Fang the Chopper (Gargoyle Berserker)               Turns: 3626, Time: 00:07:33

Health: 0/44       AC: 16    Str: 22    XL:     7   Next: 2%
Magic:  7/7        EV:  7    Int:  8    God:    Trog [***...]
Gold:   133        SH:  0    Dex: 12    Spells: 6/6 levels left

rFire    . . .     SeeInvis .   a - +0 hand axe
rCold    . . .     Gourm    .   (no shield)
rNeg     + . .     Faith    .   i - +0 plate armour
rPois    ∞         Spirit   .   (no helmet)
rElec    +         Reflect  .   (no cloak)
rCorr    .         Harm     .   (no gloves)
MR       .....                  (no boots)
Stlth    ..........             (no amulet)
HPRegen  0.14/turn              t - +3 ring of dexterity
MPRegen  0.10/turn              (no ring)

@: berserk cooldown, slowed, very slow
A: negative energy resistance 1, electricity resistance, unbreathing,
petrification resistance, rot immunity, AC +4
a: Berserk, Trog's Hand, Renounce Religion


You were on level 4 of the Dungeon.
You worshipped Trog.
Trog was most pleased with you.
You were very hungry.

You visited 1 branch of the dungeon, and saw 4 of its levels.

You collected 133 gold pieces.

Inventory:

Hand Weapons
 a - a +0 hand axe (weapon)
Armour
 i - a +0 plate armour (worn)
Jewellery
 t - a +3 ring of dexterity (left hand)
Wands
 p - a wand of clouds (2)
Scrolls
 d - 2 scrolls of blinking {unknown}
 e - 3 scrolls of teleportation {unknown}
 h - a scroll of magic mapping {unknown}
 l - a scroll of identify {unknown}
 n - 2 scrolls of enchant weapon {unknown}
 q - a scroll of fog {unknown}
 r - a scroll of remove curse {unknown}
Potions
 b - 3 potions of brilliance {unknown}
 f - a potion of heal wounds {unknown}
 g - a potion of degeneration {unknown}
 j - a potion of agility {unknown}
 k - a potion of lignification {unknown}
 m - a potion of flight {unknown}
 o - a potion of cancellation {unknown}
Comestibles
 c - 4 rations


   Skills:
 + Level 4.6 Fighting
 + Level 5.5 Axes
 + Level 3.9 Armour
 + Level 1.9 Dodging
 + Level 0.7 Stealth


You had 6 spell levels left.
You didn't know any spells.
Your spell library was empty.

Dungeon Overview and Level Annotations

Branches:
Dungeon (4/15)             Temple (0/1) D:4

Altars:
Qazlal
Uskayaw

Annotations:
D:4 Grinder, Pikel


Innate Abilities, Weirdness & Mutations

You are resistant to torment.
Your stone body is resilient. (AC +4)
You are immune to poison.
You resist negative energy. (rN+)
You are resistant to electric shocks. (rElec)
You can survive without breathing.
You are immune to petrification.
You are immune to rotting.


Message History

Pikel is almost dead.
You barely miss the slave. You closely miss the slave. The slave hits you.
* * * LOW HITPOINT WARNING * * *
The slave hits you but does no damage.
Grinder blinks!
Pikel says, "Wow, you'd add a bit of variety to my gang!"
Pikel hits you but does no damage. The slave hits you but does no damage.
You barely miss Pikel.
Pikel is almost dead.
You miss the slave. You hit the slave but do no damage.
The slave closely misses you.
Grinder blinks!
Pikel hits you but does no damage.
The slave hits you but does no damage. x2
Pikel hits you but does no damage.
Unknown command.
You closely miss Pikel.
Pikel is almost dead.
You hit the slave. You hit the slave but do no damage.
The slave hits you but does no damage. x2; Grinder blinks!
Pikel says, "You'll fetch a fair price!"
Pikel hits you but does no damage. The slave hits you.
You die...

#...## ##....## #..#
#...... #####..####
#...... #.........#
#)..... ##.........##
#...... #.!.........#
#......
#!..........###......
#..p[.§§.....##......
##.[@........#..#....
#..Kp........#.##....
#..#.5..........###...
#.. ##..........##
#... #.. ###........##
##.# #. ###.......#
### . #######....#
.........###
########.##


You could see Pikel, Grinder and 2 slaves.

Vanquished Creatures
  Sigmund (D:3)
  2 slaves (D:4)
  Blork the orc (D:4)
  A hound (D:4)
  Terence (D:3)
  A worker ant (D:4)
  3 adders
  3 gnolls (D:2)
  An adder skeleton (D:4)
  A worm (D:3)
  3 dart slugs
  5 leopard geckos
  4 orcs (D:4)
  6 goblins
  7 hobgoblins
  6 jackals
  A quokka (D:2)
  A ball python (D:3)
  7 bats
  5 frilled lizards
  10 kobolds
  11 rats
81 creatures vanquished.

Notes
Turn   | Place    | Note
-------+----------+-------------------------------------------
     0 | D:1      | Fang the Gargoyle Berserker began the quest for the Orb.
     0 | D:1      | Reached XP level 1. HP: 14/14 MP: 1/1
   128 | D:1      | Reached XP level 2. HP: 16/19 MP: 2/2
   132 | D:1      | Reached skill level 3 in Axes
   934 | D:2      | Reached ** piety under Trog
   985 | D:2      | Reached XP level 3. HP: 23/23 MP: 3/3
  1568 | D:2      | Reached XP level 4. HP: 29/29 MP: 4/4
  1680 | D:2      | Reached skill level 4 in Axes
  2074 | D:3      | Found a stormy altar of Qazlal.
  2094 | D:3      | Noticed Terence
  2112 | D:3      | Killed Terence
  2112 | D:3      | Reached XP level 5. HP: 26/33 MP: 5/5
  2404 | D:3      | Noticed Sigmund
  2418 | D:3      | Killed Sigmund
  2418 | D:3      | Reached skill level 5 in Axes
  2418 | D:3      | Reached XP level 6. HP: 25/39 MP: 6/6
  2937 | D:4      | Found a hide-covered altar of Uskayaw.
  3010 | D:4      | Reached *** piety under Trog
  3041 | D:4      | Found a staircase to the Ecumenical Temple.
  3327 | D:4      | Noticed Blork the orc
  3358 | D:4      | Killed Blork the orc
  3358 | D:4      | Reached XP level 7. HP: 19/44 MP: 0/7
  3588 | D:4      | Noticed Grinder
  3594 | D:4      | Noticed Pikel
  3599 | D:4      | Paralysed by Grinder for 5 turns
  3614 | D:4      | Paralysed by Grinder for 6 turns
  3626 | D:4      | Slain by a slave

Skill      XL: |  1  2  3  4  5 |
---------------+----------------+-----
Axes           | 3 4 5 |  5.5
Fighting       | 4 |  4.6
Armour         | 3 |  3.9
Dodging        | |  1.9
Stealth        | |  0.7

Action                   |  1- 3 |  4- 6 |  7- 9 || total
-------------------------+-------+-------+-------++-------
Melee: Hand axe          |   112 |   194 |    23 ||   329
Invok: Berserk           |     1 |     2 |     1 ||     4
  Eat: Chunk             |     1 |     2 |     2 ||     5
       Ration            |       |     2 |       ||     2
Armor: Animal skin       |    12 |       |       ||    12
       Plate armour      |    51 |   180 |    65 ||   296
Dodge: Dodged            |    59 |    96 |    24 ||   179
